 Dungeon Crawl Stone Soup version 0.29.1-15-g9cfb28693d (webtiles) character file.

Game seed: 6666695416824463539

274982 wextippler1 the Ruinous (level 20, -8/112 HPs)
             Began as a Tengu Conjurer on Apr 13, 2023.
             Was the Champion of Vehumet.
             Killed by an exploding ball lightning (12 damage)
             ... while paralysed by an air elemental
             ... on level 3 of the Elven Halls.
             The game lasted 05:16:51 (66676 turns).

wextippler1 the Ruinous (Tengu Conjurer)           Turns: 66676, Time: 05:16:52

Health: -8/112     AC: 11    Str:  9    XL:     20   Next: 33%
Magic:  48/48      EV:  2    Int: 31    God:    Vehumet [******]
Gold:   266        SH:  0    Dex: 14    Spells: 13/48 levels left

rFire   . . .      SeeInvis +   y - staff of conjuration
rCold   . . .      Faith    .   P - +3 buckler
rNeg    . . .      Spirit   .   e - +3 leather armour {Will+}
rPois   +          Reflect  .   (helmet restricted)
rElec   .          Harm     .   A - +0 cloak of Wasted Space {Fly rPois}
rCorr   .          Rampage  .   I - +2 pair of gloves
Will    ++...                   (boots unavailable)
Stlth   ++++......              F - amulet of regeneration
HPRegen 1.08/turn               n - +6 ring of intelligence
MPRegen 0.31/turn               o - ring of magical power

@: paralysed, flying quickly and evasively, quick
A: beak, talons 3, nimble flight, see invisible, MP-powered wands, noise
suppression
}: 2/15 runes: decaying, serpentine
a: Renounce Religion


You were on level 3 of the Elven Halls.
You worshipped Vehumet.
Vehumet was exalted by your worship.
You visited 7 branches of the dungeon, and saw 34 of its levels.
You visited the Abyss 1 time.
You also visited: Volcano.

You collected 3637 gold pieces.
You spent 3371 gold pieces at shops.

Inventory:

Hand Weapons
 J - the +12 pair of quick blades "Gyre" and "Gimble" {protect}
   (You found it on level 9 of the Dungeon)

   It grants its wielder temporary protection when it strikes (+7 to AC).
 S - a +8 mace of protection
 T - the +4 rapier of Hepliaklqana's Delight {pain, rF+ Str+4 Dex-4}
   (You took it off a deep elf pyromancer on level 2 of the Elven Halls)

   In the hands of one skilled in necromantic magic, it inflicts extra damage on
   living creatures.
   Str:       It affects your strength (+4).
   Dex:       It affects your dexterity (-4).
   rF:        It protects you from fire.
Armour
 e - a +3 leather armour of willpower (worn)
 h - a +5 ring mail of fire resistance
 w - +1 steam dragon scales
 A - the +0 cloak of Wasted Space (worn) {Fly rPois}
   (You bought it in a shop on level 2 of the Orcish Mines)

   rPois:     It protects you from poison.
   Fly:       It grants you flight.
 D - the +0 robe of Atheism {rElec SInv Stlth- Archmagi}
   (You bought it in a shop on level 2 of the Orcish Mines)

   rElec:     It insulates you from electricity.
   SInv:      It lets you see invisible.
   Archmagi:  It increases the power of your magical spells.
   Stlth:     It makes you less stealthy.
 I - a +2 pair of gloves (worn)
 M - a +2 leather armour of poison resistance
 P - a +3 buckler (worn)
 R - a +2 cloak of preservation
 U - a +1 ring mail of cold resistance
 X - +1 acid dragon scales
Magical Staves
 y - a staff of conjuration (weapon)
Jewellery
 n - a +6 ring of intelligence (left hand)
 o - a ring of magical power (right hand)
 p - a +4 ring of evasion
 C - a ring of fire
 F - an amulet of regeneration (around neck)
 N - a ring of willpower
 Z - a ring of wizardry
Wands
 b - a wand of iceblast (23)
 i - a wand of digging (8)
 u - a wand of flame (114)
 B - a wand of charming (28)
 H - a wand of mindburst (21)
 O - a wand of light (7)
 Y - a wand of polymorph (12)
Scrolls
 c - 7 scrolls of teleportation
 d - 3 scrolls of amnesia
 m - 3 scrolls of butterflies
 r - 3 scrolls of fear
 s - 2 scrolls of silence
 z - 2 scrolls of blinking
 G - a scroll of summoning
Potions
 a - 3 potions of cancellation
 f - 8 potions of brilliance
 g - 10 potions of curing
 j - 2 potions of resistance
 t - 11 potions of ambrosia
 E - 5 potions of haste
 L - 2 potions of might
 Q - a potion of heal wounds
 W - a potion of magic
Miscellaneous
 v - a phial of floods


   Skills:
 - Level 8.1 Fighting
 - Level 8.1 Armour
 - Level 10.3 Dodging
 - Level 8.1 Stealth
 + Level 5.2 Shields
 * Level 14.8 Spellcasting
 * Level 22.0 Conjurations
 + Level 7.8 Hexes
 - Level 7.0 Translocations
 + Level 13.9 Fire Magic
 * Level 19.2 Air Magic


You had 13 spell levels left.
You knew the following spells:

 Your Spells              Type           Power      Damage    Failure   Level
a - Lightning Bolt        Conj/Air       61%        1d84      0%          5
b - Searing Ray           Conj           100%       2d8       0%          2
c - Conjure Ball Lightni  Conj/Air       61%        3x3d22    1%          6
d - Fulminant Prism       Conj/Hex       54%        3d23      1%          4
e - Iskenderun's Mystic   Conj/Tloc      100%       2d19      1%          4
f - Foxfire               Conj/Fire      100%       2x1d9     0%          1
g - Starburst             Conj/Fire      58%        6d15      1%          6
i - Airstrike             Air            48%        2d(7-23)  0%          4
j - Swiftness             Air            97%        N/A       0%          3

Your spell library contained the following spells:

 Spells                   Type           Power      Damage    Failure   Level
 Chain Lightning          Conj/Air       61%        3d82      17%         9
 Fire Storm               Conj/Fire      58%        8d15      45%         9
 Polar Vortex             Ice            11%        N/A       100%        9
 Magic Dart               Conj           100%       1d8       0%          1
 Shock                    Conj/Air       100%       1d9       0%          1
 Static Discharge         Conj/Air       100%       3-16/arc  0%          2
 Conjure Flame            Conj/Fire      100%       6-21      0%          3
 Dazzling Flash           Conj/Hex       100%       N/A       0%          3
 Flame Wave               Conj/Fire      100%       2d21      0%          4
 Sticky Flame             Conj/Fire      100%       2d11      0%          4
 Iskenderun's Battlesphe  Conj           100%       2d15      0%          5
 Blink                    Tloc           100%       N/A       1%          2
 Poisonous Vapours        Pois/Air       100%       N/A       1%          2
 Inner Flame              Hex/Fire       74%        N/A       1%          3
 Lesser Beckoning         Tloc           61%        N/A       1%          3
 Mephitic Cloud           Conj/Pois/Air  100%       N/A       1%          3
 Portal Projectile        Hex/Tloc       100%       N/A       1%          3
 Tukima's Dance           Hex            64%        N/A       1%          3
 Hailstorm                Conj/Ice       95%        3d19      1%          4
 Summon Lightning Spire   Summ/Air       70%        N/A       1%          4
 Silence                  Hex/Air        41%        N/A       1%          5
 Iron Shot                Conj/Erth      47%        9d9       1%          6
 Corpse Rot               Necr/Pois/Air  58%        N/A       2%          4
 Maxwell's Capacitive Co  Air            48%        ∞         2%          8
 Beastly Appendage        Tmut           46%        N/A       3%          1
 Necrotise                Necr           92%        1d8       3%          1
 Sting                    Tmut/Pois      92%        1d7       3%          1
 Call Imp                 Summ           23%        N/A       4%          2
 Manifold Assault         Tloc           61%        N/A       5%          5
 Anguish                  Hex/Necr       23%        N/A       7%          4
 Leda's Liquefaction      Hex/Erth       23%        N/A       7%          4
 Olgreb's Toxic Radiance  Pois           23%        N/A       9%          4
 Spellforged Servitor     Conj/Summ      47%        N/A       9%          7
 Call Canine Familiar     Summ           23%        N/A       10%         3
 Vampiric Draining        Necr           23%        2d7       10%         3
 Summon Mana Viper        Hex/Summ       47%        N/A       19%         5
 Animate Armour           Summ/Erth      46%        N/A       32%         4
 Dispel Undead            Necr           23%        3d12      32%         4
 Ice Form                 Ice/Tmut       23%        N/A       32%         4
 Summon Ice Beast         Ice/Summ       23%        N/A       32%         4
 Agony                    Necr           23%        N/A       67%         5
 Alistair's Intoxication  Tmut/Pois      15%        N/A       67%         5
 Blade Hands              Tmut           11%        N/A       67%         5
 Simulacrum               Ice/Necr       11%        N/A       99%         6
 Haunt                    Necr/Summ      11%        N/A       100%        7
 Monstrous Menagerie      Summ           11%        N/A       100%        7
 Borgnjor's Revivificati  Necr           11%        N/A       100%        8
 Necromutation            Tmut/Necr      11%        N/A       100%        8
 Death's Door             Necr           11%        N/A       100%        9


Dungeon Overview and Level Annotations

Branches:
Dungeon (15/15)            Temple (1/1) D:4            Lair (5/5) D:9
  Swamp (4/4) Lair:2        Snake (4/4) Lair:2        Slime (0/5) Lair:5
    Orc (2/2) D:9             Elf (3/3) Orc:2        Vaults (0/5) D:14
 Depths (0/4) D:15        Volcano (visited)

Altars:
Ashenzari
Cheibriados
Dithmenos
Elyvilon
Fedhas
Gozag
Hepliaklqana
Kikubaaqudgha
Makhleb
Nemelex Xobeh
Okawaru
Qazlal
Ru
Sif Muna
Trog
Uskayaw
Vehumet
Wu Jian
Xom
Yredelemnul
Zin
The Shining One
Jiyva

Shops:
D:3 :   D:5 ?   D:13 ?   Orc:2 [!=!   Elf:2 *   Snake:1 ?

Portals:
Pandemonium: Orc:2

Annotations:
Snake:3 1 runed translucent door, wingedge's ghost, adept HuWn
Elf:1 3 runed translucent doors, roninjake's ghost, journeyman MiFi


Innate Abilities, Weirdness & Mutations

You have a beak for a mouth.
You have claws for feet.
Your magical nature lets you fly swiftly and evasively.
You have supernaturally acute eyesight. (SInv)
You expend magic power (3 MP) to strengthen your wands.
You passively dampen the noise of your surroundings.


Message History

The air elemental is heavily damaged.
The blast of lightning engulfs the deep elf knight!!!
The deep elf knight is almost dead.
The blast of lightning engulfs the deep elf pyromancer!!
The deep elf pyromancer is severely wounded.
The blast of lightning engulfs you!!
The blast of lightning engulfs your ball lightning.
Your ball lightning completely resists.
The blast of lightning engulfs your ball lightning.
Your ball lightning completely resists.
The blast of lightning engulfs the deep elf zephyrmancer!!!
You kill the deep elf zephyrmancer!
Vehumet accepts your kill.
You feel your power returning.
The blast of lightning engulfs the deep elf knight!!!
The deep elf knight is severely wounded.
Your ball lightning explodes!
The blast of lightning engulfs the deep elf pyromancer!!
You kill the deep elf pyromancer!
Vehumet accepts your kill.
You feel your power returning.
The blast of lightning engulfs the deep elf knight!!!
You kill the deep elf knight!
Vehumet accepts your kill.
You feel your power returning.
Magic restored.
The blast of lightning engulfs the air elemental.
The air elemental completely resists.
The air elemental is heavily damaged.
The blast of lightning engulfs you!!
* * * LOW HITPOINT WARNING * * *
The air elemental fires a burst of electricity at you.
The stunning burst hits you!
You suddenly lose the ability to move!
You stop ascending the stairs.
* * * LOW HITPOINT WARNING * * *
Your ball lightning explodes!
The blast of lightning engulfs the air elemental.
The air elemental completely resists.
The air elemental is heavily damaged.
The blast of lightning engulfs you!
You die...

...........##
.........##
#.......#+#
#########. ####
##.....## #....
#...)...##E....
...).....#.....
.........#.....
..e)..E@.#.....
e........+.?...
E........#?....
#.......##.....
##....E+#......
###+## .......
#...... #.)...


You could see a deep elf archer (repels missiles), a deep elf knight, an earth
elemental, 2 water elementals and an air elemental.

Vanquished Creatures
  the Lernaean hydra (Swamp:4)
  Nikola (Swamp:4)
  A deep elf blademaster (Elf:2)
  A thorn hunter (Swamp:2)
  4 nagarajas
  Aizul (Swamp:1)
  Louise (Swamp:1)
  3 ghouls (Swamp:2)
  3 eleionomae
  A minotaur (Lair:1)
  8 bunyips
  4 dire elephants (Lair:5)
  2 deep elf death magi (Elf:2)
  The ghost of nroviw the Skirmisher, a journeyman GnHu of Okawaru (Lair:1)
  Snorg (Lair:4)
  2 demonspawn (Orc:2)
  Josephine (D:11)
  22 hydras
  A rakshasa (D:14)
  6 salamander tyrants (Snake:4)
  Erolcha (Orc:1)
  4 boulder beetles
  11 anacondas
  4 ghost crabs
  3 centaur warriors
  An ogre mage (D:15)
  The ghost of Agrostarius the Basher, a novice HOBe of Trog (D:9)
  29 dancing weapons
  Erica (Orc:1)
  8 death yaks
  A catoblepas (Lair:3)
  2 death knights
  15 two-headed ogres
  9 alligators
  10 naga warriors
  4 naga sharpshooters
  6 shock serpents
  5 thrashing horrors (Abyss:3)
  5 orc high priests
  A soul eater (Abyss:3)
  20 deep elf knights
  A spectral death yak (Lair:5)
  2 skeletal warriors (D:14)
  A wretched star (Abyss:3)
  6 goliath frogs
  A fire crab (Lair:5)
  7 salamander mystics
  A spectral anaconda (Lair:5)
  4 spriggan druids
  5 naga ritualists
  11 swamp dragons
  17 bog bodies
  9 deep elf archers
  Pikel (D:3)
  5 orc knights
  A phantasmal warrior (D:15)
  4 wizards
  An obsidian statue (Lair:5)
  29 deep elf zephyrmancers
  A mana viper (shapeshifter) (D:13)
  8 necromancers
  16 mana vipers
  11 orc sorcerers
  35 deep elf pyromancers
  2 ugly things
  An oklob plant (Lair:5)
  13 salamanders
  5 will-o-the-wisps
  2 cyclopes
  3 manticores (D:13)
  2 rust devils (D:10)
  35 black mambas
  15 elephants
  5 large abominations
  A centaur zombie (D:15)
  8 naga magi
  Maurice (Orc:2)
  A dire elephant zombie (Lair:5)
  9 spectral spriggans (Swamp:2)
  A gargoyle (D:10)
  4 guardian serpents (Snake:4)
  Psyche (D:11)
  3 centaur skeletons (D:15)
  3 kobold demonologists
  A demonic crawler (Abyss:3)
  9 cane toads
  5 rime drakes
  An orange demon (Orc:2)
  3 unseen horrors
  13 komodo dragons
  3 efreet
  3 ice devils
  2 ancient zymes (Abyss:3)
  A red devil (D:10)
  5 freezing wraiths
  A hellwing (D:10)
  The ghost of bmack86 the Chopper, an amateur MiFi (D:4)
  A meliai (shapeshifter) (D:13)
  A queen bee (Lair:4)
  3 meliai (Lair:4)
  A polar bear (Lair:3)
  3 bloated husks
  7 trolls
  5 tyrant leeches
  5 hornets
  17 blink frogs
  3 spectral elephants (Lair:5)
  6 starcursed masses (Abyss:3)
  2 shadows (D:11)
  6 spriggans
  2 water elementals
  3 ynoxinuls
  5 wyverns
  2 air elementals
  28 yaks
  A basilisk (Lair:4)
  4 humans
  3 chaos spawn
  6 wraiths
  9 fire elementals
  2 death yak simulacra (Lair:5)
  2 steam dragons
  A neqoxec (Abyss:3)
  16 vampire mosquitoes
  15 swamp worms
  2 wargs (Orc:2)
  3 acid dragons
  20 nagas
  6 hell hounds (Volcano)
  Duvessa (D:6)
  15 water moccasins
  A sky beast (D:7)
  26 orc warriors
  8 swamp drakes
  An ice beast (D:6)
  20 ogres
  7 centaurs
  18 wolves
  A phantom (D:5)
  3 lemures
  An elephant skeleton (Lair:5)
  2 kobold brigands
  2 necrophages
  4 elf zombies (Elf:2)
  2 gnoll sergeants
  3 earth elementals
  4 scorpions
  8 bullfrogs
  3 wights (D:9)
  Dowan (D:7)
  31 killer bees
  4 howler monkeys
  An electric eel (Lair:2)
  4 small abominations (Abyss:3)
  2 quasits
  4 hounds
  3 gnoll boudas
  21 orc priests
  An iron imp (Abyss:3)
  4 jellies
  25 orc wizards
  2 hell rats (D:9)
  A mummy (D:5)
  6 adders
  16 gnolls
  2 river rats (D:9)
  3 shadow imps
  2 white imps (D:7)
  2 ufetubi
  A worm (D:2)
  3 dart slugs
  72 orcs
  7 ball pythons
  8 endoplasms
  5 giant cockroaches
  4 goblins
  8 hobgoblins
  4 jackals (D:1)
  3 quokkas
  4 bats
  5 frilled lizards
  18 kobolds
  2 rats (D:9)
  A ball lightning (Snake:4)
  2 butterflies
  4 foxfires
  2 fulminant prisms
1154 creatures vanquished.

Vanquished Creatures (collateral kills)
  An elephant (Lair:1)
  Prince Ribbit (D:5)
  3 ball lightnings (Snake:4)
5 creatures vanquished.

Vanquished Creatures (others)
  A hydra (Swamp:4)
  A swamp dragon (Swamp:3)
  A death drake (Swamp:3)
  2 bloated husks
  A large abomination (Abyss:3)
  An elf zombie (Elf:2)
  21 ball lightnings
  A bush (Swamp:4)
  2 demonic plants (D:10)
  158 foxfires
  418 fulminant prisms
  71 fungi
  75 plants
  31 withered plants (Lair:5)
784 creatures vanquished.

Grand Total: 1943 creatures vanquished

Notes
Turn   | Place    | Note
-------+----------+-------------------------------------------
     0 | D:1      | wextippler1 the Tengu Conjurer began the quest for the Orb.
     0 | D:1      | Reached XP level 1. HP: 10/10 MP: 4/4
   262 | D:1      | Reached XP level 2. HP: 15/15 MP: 4/6
   952 | D:2      | Learned a level 2 spell: Searing Ray
  1001 | D:2      | Reached XP level 3. HP: 19/19 MP: 4/7
  1005 | D:2      | Learned a level 3 spell: Dazzling Flash
  1463 | D:2      | You fall into a shaft and drop 2 floors!
  1506 | D:4      | Reached skill level 6 in Conjurations
  1506 | D:4      | Reached XP level 4. HP: 24/24 MP: 3/9
  1510 | D:3      | Found a shadowy altar of Dithmenos.
  2777 | D:3      | Gained mutation: Your magical nature lets you fly swiftly
                  | and evasively. [Tengu growth]
  2777 | D:3      | Reached XP level 5. HP: 28/28 MP: 0/10
  2875 | D:3      | Learned a level 4 spell: Fulminant Prism
  3173 | D:3      | Found Pankam's Book Shop.
  3628 | D:4      | Found a runed translucent gate.
  3629 | D:4      | Found a runed translucent gate.
  3631 | D:4      | Found a runed translucent gate.
  3631 | D:4      | Found an opulent altar of Gozag.
  3634 | D:4      | Noticed bmack86's ghost (amateur MiFi)
  3703 | D:4      | Gained mutation: Your flesh is cold resistant. (rC+)
                  | [potion of mutation]
  3703 | D:4      | Gained mutation: Your magical capacity is low. (-10% MP)
                  | [potion of mutation]
  3744 | D:4      | Reached XP level 6. HP: 33/33 MP: 6/11
  3897 | D:4      | Noticed Pikel
  4176 | D:3      | Killed Pikel
  4177 | D:3      | Reached skill level 8 in Conjurations
  4177 | D:3      | Reached skill level 1 in Hexes
  4177 | D:3      | Reached XP level 7. HP: 24/40 MP: 0/13
  4353 | D:4      | Found a staircase to the Ecumenical Temple.
  4550 | Temple   | Entered the Ecumenical Temple
  4558 | Temple   | Became a worshipper of Vehumet
  4615 | D:5      | Entered Level 5 of the Dungeon
  4627 | D:5      | Learned a level 4 spell: Iskenderun's Mystic Blast
  4930 | D:5      | Found Rasenim's Magic Scroll Emporium.
  4936 | D:5      | Reached XP level 8. HP: 43/44 MP: 6/14
  4942 | D:5      | Bought a scroll of identify for 26 gold pieces
  4942 | D:5      | Bought a scroll of identify for 26 gold pieces
  4942 | D:5      | Bought a scroll of identify for 26 gold pieces
  4942 | D:5      | Bought a scroll of amnesia for 52 gold pieces
  5340 | D:5      | Reached skill level 1 in Translocations
  5370 | D:5      | Found a snail-covered altar of Cheibriados.
  5577 | D:5      | Noticed Prince Ribbit
  5639 | D:5      | Killed Prince Ribbit
  5640 | D:5      | Reached skill level 5 in Spellcasting
  5734 | D:5      | Learned a level 3 spell: Mephitic Cloud
  6137 | D:5      | Reached * piety under Vehumet
  6137 | D:5      | Offered knowledge of Foxfire by Vehumet.
  6687 | D:5      | Reached skill level 9 in Conjurations
  6692 | D:5      | Learned a level 1 spell: Foxfire
  7193 | D:6      | Reached skill level 1 in Fire Magic
  7414 | D:6      | Reached XP level 9. HP: 51/51 MP: 10/16
  7773 | D:7      | Noticed Duvessa
  7775 | D:7      | Noticed Dowan
  7839 | D:7      | Noticed a kobold demonologist
  7948 | D:7      | Killed Dowan
  8138 | D:6      | Killed Duvessa
  8888 | D:7      | Noticed a sixfirhy
  8892 | D:6      | Noticed a rust devil
  8895 | D:6      | Killed a kobold demonologist
  9097 | D:6      | Reached skill level 10 in Conjurations
  9836 | D:4      | Learned a level 6 spell: Starburst
 10109 | D:7      | Reached XP level 10. HP: 31/56 MP: 9/19
 10395 | D:7      | Reached skill level 5 in Fire Magic
 11362 | D:8      | Offered knowledge of Static Discharge by Vehumet.
 11581 | D:8      | Noticed a kobold demonologist
 11587 | D:8      | Killed a kobold demonologist
 11588 | D:8      | Reached skill level 11 in Conjurations
 11785 | D:8      | Reached ** piety under Vehumet
 11786 | D:8      | Reached skill level 5 in Stealth
 11803 | D:8      | Found a white marble altar of Elyvilon.
 12258 | D:8      | Learned a level 1 spell: Shock
 12639 | D:5      | Bought a scroll of butterflies for 52 gold pieces
 12639 | D:5      | Bought a scroll of summoning for 123 gold pieces
 12772 | D:9      | Found an opulent altar of Gozag.
 12853 | D:9      | Found a runed translucent door.
 12967 | D:9      | Noticed Agrostarius's ghost (novice HOBe)
 12977 | D:9      | Noticed a kobold demonologist
 13031 | D:9      | Noticed a death yak
 13056 | D:9      | Killed a kobold demonologist
 13150 | D:9      | Noticed a death yak
 13194 | D:9      | Noticed a death yak
 13232 | D:9      | Killed a death yak
 13232 | D:9      | Killed a death yak
 13233 | D:9      | Reached XP level 11. HP: 60/60 MP: 21/21
 13286 | D:9      | Killed a death yak
 13287 | D:9      | Reached skill level 12 in Conjurations
 13376 | D:9      | Learned a level 2 spell: Static Discharge
 13400 | D:9      | Found a staircase to the Lair.
 13538 | D:9      | Noticed a two-headed ogre
 13538 | D:9      | Noticed a two-headed ogre
 13553 | D:9      | Offered knowledge of Poisonous Vapours by Vehumet.
 13572 | D:9      | Killed a two-headed ogre
 13701 | D:9      | Killed a two-headed ogre
 13884 | D:9      | Found the +12 pair of quick blades "Gyre" and "Gimble"
                  | {protect}
 13986 | D:9      | Found a blossoming altar of Fedhas.
 14201 | D:9      | Reached *** piety under Vehumet
 14556 | D:9      | Noticed a two-headed ogre
 14563 | D:9      | Killed a two-headed ogre
 14723 | Temple   | Lost mutation: Your flesh is cold resistant. (rC+) [potion
                  | of mutation]
 14723 | Temple   | Lost mutation: Your magical capacity is low. (-10% MP)
                  | [potion of mutation]
 14723 | Temple   | Gained mutation: You have hidden genetic defects. [potion
                  | of mutation]
 14890 | D:9      | Offered knowledge of Ignite Poison by Vehumet.
 14949 | D:9      | Found a staircase to the Orcish Mines.
 15105 | D:9      | Lost mutation: You have hidden genetic defects. [potion of
                  | mutation]
 15105 | D:9      | Gained mutation: You have supernaturally acute eyesight.
                  | (SInv) [potion of mutation]
 15105 | D:9      | Gained mutation: You passively dampen the noise of your
                  | surroundings. [potion of mutation]
 15105 | D:9      | Gained mutation: You expend magic power (3 MP) to
                  | strengthen your wands. [potion of mutation]
 15591 | Lair:1   | Entered Level 1 of the Lair of Beasts
 15626 | Lair:1   | Reached skill level 5 in Hexes
 15965 | Lair:1   | Reached XP level 12. HP: 36/66 MP: 11/25
 16063 | Lair:1   | Reached skill level 13 in Conjurations
 16308 | Lair:1   | Learned a level 3 spell: Swiftness
 16388 | Lair:1   | Noticed a seven-headed hydra
 16499 | Lair:1   | Noticed nroviw's ghost (journeyman GnHu)
 16503 | Lair:1   | Noticed a minotaur
 16514 | Lair:1   | Found a runed translucent gate.
 16514 | Lair:1   | Found a runed translucent gate.
 16514 | Lair:1   | Found a runed translucent gate.
 16649 | Lair:1   | Killed a seven-headed hydra
 16653 | Lair:1   | Reached skill level 5 in Air Magic
 17068 | Lair:1   | Reached skill level 5 in Dodging
 17136 | Lair:1   | Noticed an eight-headed hydra
 17166 | Lair:1   | Reached **** piety under Vehumet
 17496 | Lair:1   | Killed an eight-headed hydra
 17505 | Lair:1   | Learned a level 4 spell: Airstrike
 17881 | D:4      | Killed bmack86's ghost
 18002 | D:9      | Noticed a two-headed ogre
 18010 | D:9      | Killed a two-headed ogre
 18056 | D:9      | Killed Agrostarius's ghost
 18397 | Lair:2   | Offered knowledge of Fireball by Vehumet.
 18470 | Lair:2   | Found a staircase to the Swamp.
 18650 | Lair:2   | Found a staircase to the Snake Pit.
 19366 | Lair:3   | Noticed a catoblepas
 19442 | Lair:3   | Reached skill level 5 in Fighting
 19442 | Lair:3   | Reached skill level 1 in Shields
 19613 | Lair:3   | Reached skill level 14 in Conjurations
 19896 | Lair:3   | Reached XP level 13. HP: 72/72 MP: 27/27
 19974 | Lair:3   | Found a dark tunnel.
 19982 | Volcano  | Entered a volcano
 20384 | Volcano  | Reached ***** piety under Vehumet
 20534 | Volcano  | Reached skill level 1 in Armour
 20542 | Volcano  | Reached skill level 10 in Fire Magic
 20974 | Lair:3   | Offered knowledge of Yara's Violent Unravelling by Vehumet.
 22105 | Lair:4   | Reached skill level 15 in Conjurations
 22539 | Lair:4   | Learned a level 5 spell: Lightning Bolt
 22544 | Lair:4   | Noticed Snorg
 22552 | Lair:4   | Killed Snorg
 23152 | Lair:4   | Reached XP level 14. HP: 78/78 MP: 22/28
 24545 | Lair:5   | Entered Level 5 of the Lair of Beasts
 24728 | Lair:5   | Reached skill level 10 in Spellcasting
 24728 | Lair:5   | Reached skill level 10 in Air Magic
 24921 | Lair:5   | Found a viscous altar of Jiyva.
 24921 | Lair:5   | Found a staircase to the Slime Pits.
 25726 | Lair:5   | Noticed a dire elephant
 25726 | Lair:5   | Noticed a dire elephant
 25742 | Lair:5   | Killed a dire elephant
 25850 | Lair:5   | Noticed a dire elephant
 25850 | Lair:5   | Noticed a dire elephant
 26173 | Lair:5   | Reached skill level 16 in Conjurations
 26929 | Lair:5   | Killed a dire elephant
 27112 | Lair:5   | Killed a dire elephant
 27368 | Lair:5   | Got the Monograph on Vitiation
 27574 | Lair:5   | Killed a dire elephant
 28146 | Orc:1    | Entered Level 1 of the Orcish Mines
 28161 | Orc:1    | Found a radiant altar of Vehumet.
 28622 | Orc:1    | Reached XP level 15. HP: 82/82 MP: 13/30
 28623 | Orc:1    | Noticed Erolcha
 28785 | Orc:1    | Reached skill level 5 in Armour
 28799 | Orc:1    | Killed Erolcha
 29162 | Orc:1    | Noticed Erica
 29170 | Orc:1    | Killed Erica
 29171 | Orc:1    | Reached skill level 5 in Translocations
 29206 | Orc:2    | Entered Level 2 of the Orcish Mines
 29298 | Orc:2    | Offered knowledge of Sticky Flame by Vehumet.
 29496 | Orc:2    | Found Uqin's Distillery.
 29951 | Orc:2    | Found Awuumm Rurau's Distillery.
 30660 | Orc:2    | Noticed Maurice
 30667 | Orc:2    | Killed Maurice
 30704 | Orc:2    | Found a staircase to the Elven Halls.
 30930 | Orc:2    | Bought 2 potions of invisibility for 272 gold pieces
 30930 | Orc:2    | Bought a potion of invisibility for 136 gold pieces
 30930 | Orc:2    | Bought a potion of brilliance for 68 gold pieces
 30930 | Orc:2    | Bought a potion of magic for 136 gold pieces
 30930 | Orc:2    | Bought a potion of resistance for 170 gold pieces
 30932 | Orc:2    | Bought a potion of heal wounds for 70 gold pieces
 30932 | Orc:2    | Bought a potion of heal wounds for 70 gold pieces
 30932 | Orc:2    | Bought a potion of magic for 112 gold pieces
 30932 | Orc:2    | Bought a potion of cancellation for 112 gold pieces
 30932 | Orc:2    | Bought a potion of curing for 42 gold pieces
 30932 | Orc:2    | Bought a potion of brilliance for 56 gold pieces
 31160 | Orc:2    | Offered knowledge of Conjure Ball Lightning by Vehumet.
 31343 | Orc:2    | Reached skill level 17 in Conjurations
 31765 | Orc:2    | Found Guido's Antique Armour Emporium.
 31765 | Orc:2    | Found Fyajefam's Jewellery Shoppe.
 31766 | Orc:2    | Found a one-way gate leading to the halls of Pandemonium.
 32608 | Orc:2    | Learned a level 6 spell: Conjure Ball Lightning
 32633 | D:10     | Entered Level 10 of the Dungeon
 34272 | Orc:2    | Bought a warped cloak for 247 gold pieces
 34272 | Orc:2    | Identified the +0 cloak of Wasted Space {Fly rPois} (You
                  | bought it in a shop on level 2 of the Orcish Mines)
 34272 | Orc:2    | Bought an ominously black robe for 148 gold pieces
 34272 | Orc:2    | Identified the +0 robe of Atheism {rElec SInv Stlth-
                  | Archmagi} (You bought it in a shop on level 2 of the Orcish
                  | Mines)
 34924 | D:11     | Noticed Josephine
 34929 | D:11     | Killed Josephine
 35124 | D:11     | Noticed Psyche
 35136 | D:11     | Killed Psyche
 36177 | D:12     | Offered knowledge of Iskenderun's Battlesphere by Vehumet.
 37613 | D:13     | Reached XP level 16. HP: 88/88 MP: 2/31
 38183 | D:13     | Found Xiewk's Magic Scroll Shop.
 38193 | D:13     | Bought a scroll of teleportation for 39 gold pieces
 38193 | D:13     | Bought a scroll of fear for 52 gold pieces
 38193 | D:13     | Bought a scroll of blinking for 97 gold pieces
 38419 | D:14     | Found a gate to the Vaults.
 39187 | D:14     | Found an iron altar of Okawaru.
 39502 | D:15     | Entered Level 15 of the Dungeon
 39589 | D:15     | Reached skill level 18 in Conjurations
 40156 | D:15     | Offered knowledge of Irradiate by Vehumet.
 40507 | D:15     | Found a staircase to the Depths.
 41141 | Snake:1  | Entered Level 1 of the Snake Pit
 41545 | Snake:1  | Found Voaseho's Magic Scroll Emporium.
 41553 | Snake:1  | Bought a scroll of teleportation for 45 gold pieces
 41553 | Snake:1  | Bought a scroll of teleportation for 45 gold pieces
 41553 | Snake:1  | Bought a scroll of amnesia for 60 gold pieces
 41553 | Snake:1  | Bought a scroll of teleportation for 45 gold pieces
 41553 | Snake:1  | Bought a scroll of fear for 60 gold pieces
 43050 | Snake:2  | You are sucked into a shaft and drop 1 floor!
 43358 | Snake:2  | Reached XP level 17. HP: 81/95 MP: 12/33
 43872 | Snake:3  | Reached skill level 19 in Conjurations
 44047 | Snake:4  | Entered Level 4 of the Snake Pit
 44760 | Snake:3  | Found a runed translucent door.
 45020 | Snake:3  | Noticed wingedge's ghost (adept HuWn)
 45025 | Snake:3  | Got the Codex of Adjuration and Transfiguration
 45397 | Lair:1   | Killed nroviw's ghost
 46317 | Snake:4  | Reached skill level 15 in Air Magic
 46317 | Snake:4  | Offered knowledge of Eringya's Noxious Bog by Vehumet.
 47972 | Snake:4  | Reached skill level 20 in Conjurations
 48149 | Snake:4  | Got a serpentine rune of Zot
 49438 | Lair:2   | Offered knowledge of Spellforged Servitor by Vehumet.
 49740 | D:13     | Bought a scroll of butterflies for 52 gold pieces
 49740 | D:13     | Bought a scroll of magic mapping for 97 gold pieces
 50031 | Swamp:1  | Entered Level 1 of the Swamp
 50387 | Swamp:1  | Reached XP level 18. HP: 75/103 MP: 24/35
 50487 | Swamp:1  | Noticed Aizul
 50670 | Swamp:1  | Killed Aizul
 50683 | Swamp:1  | Noticed Louise
 50853 | Abyss:3  | Cast into level 3 of the Abyss (Louise)
 51285 | Swamp:1  | Escaped the Abyss
 51290 | Swamp:1  | Killed Louise
 53442 | Swamp:2  | Reached skill level 10 in Dodging
 55496 | Swamp:3  | Reached ****** piety under Vehumet
 55941 | Swamp:4  | Entered Level 4 of the Swamp
 55994 | Swamp:4  | Offered knowledge of Fire Storm by Vehumet.
 55994 | Swamp:4  | Offered knowledge of Chain Lightning by Vehumet.
 55994 | Swamp:4  | Offered knowledge of Polar Vortex by Vehumet.
 56763 | Swamp:4  | Reached XP level 19. HP: 107/107 MP: 11/37
 58159 | Swamp:4  | Reached skill level 21 in Conjurations
 58568 | Swamp:4  | Noticed the 27-headed Lernaean hydra
 58710 | Swamp:4  | Noticed Nikola
 58721 | Swamp:4  | Killed Nikola
 59360 | Swamp:4  | Killed the 27-headed Lernaean hydra
 59396 | Swamp:4  | Got a decaying rune of Zot
 59934 | Orc:2    | Bought a faintly humming buckler for 247 gold pieces
 59934 | Orc:2    | Identified the +3 buckler of Gozag's Hope {Drain Str+2
                  | Dex+3 SInv} (You bought it in a shop on level 2 of the
                  | Orcish Mines)
 60116 | D:3      | Bought a book of Power for 588 gold pieces
 60264 | Elf:1    | Entered Level 1 of the Elven Halls
 60568 | Elf:1    | Paralysed by an air elemental for 1 turns
 61757 | Elf:1    | Found a runed translucent gate.
 61757 | Elf:1    | Found a runed translucent gate.
 61757 | Elf:1    | Found a runed translucent gate.
 61758 | Elf:1    | Noticed roninjake's ghost (journeyman MiFi)
 61768 | Elf:1    | Found a viscous altar of Jiyva.
 62166 | Elf:2    | Found Otzoxzam's Assorted Antiques.
 63120 | Elf:2    | Identified the +4 rapier of Hepliaklqana's Delight {pain,
                  | rF+ Str+4 Dex-4}
 63576 | Elf:2    | Reached XP level 20. HP: 44/112 MP: 32/39
 64276 | Elf:2    | Got the Treatise on Shadows
 64845 | Elf:2    | Found a runed translucent gate.
 64846 | Elf:2    | Found a runed translucent gate.
 64846 | Elf:2    | Found a runed translucent gate.
 64983 | Elf:3    | Entered Level 3 of the Elven Halls
 65415 | Elf:2    | Reached skill level 5 in Shields
 65756 | Elf:2    | Reached skill level 22 in Conjurations
 66676 | Elf:3    | Paralysed by an air elemental for 1 turns
 66676 | Elf:3    | HP: 4/112 [air elemental/stunning burst (7)]
 66676 | Elf:3    | Killed by an exploding ball lightning

Illustrated notes

Levels and vault maps discovered:
D:1:      dpeg_arrival_round_b, layout_basic, minmay_fountain_box
D:2:      layout_basic
D:3:      layout_rooms, nicolae_dithmenos_shadow_blocks, serial_shops,
          nicolae_shop_hallway_plus, small_statue_intersection
D:4:      layout_rooms, minmay_temple_entry_antechambers, ebering_ghost_gozag,
          serial_corexii_hall, corexii_hall_statues_l,
          chequers_hall_statues_corner_a, corexii_hall_statues_l,
          corexii_hall_statues_deadend, uniq_pikel
D:5:      layout_basic, slow_altar_1, serial_shops, kennysheep_little_box,
          nicolae_kite_square_tiling_tiny, nicolae_grassy_gnolls,
          uniq_prince_ribbit1
D:6:      layout_basic, serial_park_tiny_pond, minmay_misc_feat_square
D:7:      layout_rooms, enter_bailey_6, hangedman_decor_riveting,
          minmay_ruffians, uniq_duvessa
D:8:      kennysheep_big_flooded_room, layout_cave_pools, elyvilon_altar_5,
          minmay_quadrilaterals
D:9:      layout_basic, fedhas_altar_2, mainiacjoe_overflow_tiny_flanked,
          dpeg_lair_monsters, minmay_orc_entry_temple_small,
          ebering_ghost_reflecting_pool, hellmonk_guarded_unrand_gyre_and_gimble
D:10:     layout_roguey, serial_demonic, serial_demonic_e, serial_demonic_a,
          serial_demonic_d, serial_demonic_g, corexii_leaking_fountain,
          lemuel_flamethrower_hall
D:11:     layout_gridville, uniq_josephine, uniq_psyche
D:12:     layout_stronghold, minmay_microvault
D:13:     layout_rooms, serial_shops, shop_fountains
D:14:     cheibrodos_lost_city_excavation, layout_basic, erik_vaults_1,
          palyth_stone_intersect, okawaru_trees_2
D:15:     grunt_enter_depths_magical_seal, layout_irregular_city,
          nicolae_twisting_strands
Temple:   sentei_temple_godly_chess
Lair:1:   layout_small_grid, maelrawn_ghost_gauntlet_escape,
          nicolae_lair_lil_pond, st_stairs_5, chequers_serial_rivers_micro_d
Lair:2:   layout_small_grid, nicolae_swamp_entry_splash_gauntlet,
          dummy_snake_entry, grunt_megastairs_3
Lair:3:   layout_small_grid, nicolae_volcano_entry_hallway, lemuel_fruit_fields,
          infiniplex_staircase_pool, serial_bayou_shore_b
Lair:4:   layout_roguey, special_room [special_room_bee], beast_lair_carwin_8,
          serial_bayou_shore_a, grunt_megastairs_1, lemuel_fruit_fields,
          uniq_snorg
Lair:5:   due_jungle_book, layout_loops_ring, nicolae_slime_entry_slimehenge,
          serial_bayou_shore_b
Swamp:1:  nicolae_swamp_ascending_descending_big, layout_basic_swamp,
          infiniplex_staircase_pool_2, swamp_pool1, uniq_aizul, uniq_louise
Swamp:2:  nicolae_swamp_flooded_prison, layout_basic_swamp,
          nicolae_swamp_some_circles
Swamp:3:  layout_basic_swamp, nicolae_swamp_fairy_circle
Swamp:4:  grunt_swamp_rune_castle, layout_basic_swamp, swamp_pool1, uniq_nikola
Snake:1:  layout_rooms, serial_shops, shop, nicolae_integral_box
Snake:2:  layout_misc_corridors
Snake:3:  cheibrodos_forgotten_conduit, layout_cave_shapes,
          ebering_ghost_inner_flame, nicolae_triple_integral
Snake:4:  grunt_snake_rune_pools, layout_grid_maze, nicolae_snake_lava_pool
Orc:1:    lemuel_ogre_cave, layout_diamond_mine, basic_altar,
          nicolae_orc_flooded_monolith, led_sif_book, uniq_erica
Orc:2:    pf_orc_diabolical, layout_caves, gauntlet_entry_generic, basic_altar,
          uniq_maurice
Elf:1:    nicolae_elf_arrival_no_cutting_in_line, layout_loops_cross,
          gammafunk_ghost_ooze, hangedman_elven_crosses_minicolossus
Elf:2:    nicolae_elf_blades_crystal_corner, layout_onion_city, serial_shops,
          nicolae_shop_temple_entry_statues_fountains, drop_trap,
          nicolae_elf_stair_hall, minmay_elf_necromancy
Elf:3:    minmay_elf_hall_dome, layout_geoelf_grid

Skill      XL: |  1  2  3  4  5  6  7  8  9 10 11 12 13 14 15 16 17 18 19 20 |
---------------+-------------------------------------------------------------+-----
Conjurations   | 6 8 9 10 11 12 14 15 16 17 18 20 21 22 | 22.0
Dodging        | 3 4 5 6 7 8 9 10 | 10.3
Spellcasting   | 3 4 5 6 7 8 9 10 11 12 13 14 | 14.8
Stealth        | 3 4 5 6 7 8 |  8.1
Fighting       | 2 3 4 5 6 7 8 |  8.1
Hexes          | 1 2 3 4 5 6 7 |  7.8
Translocations | 1 2 3 4 6 7 |  7.0
Fire Magic     | 1 4 6 8 9 10 12 13 | 13.9
Air Magic      | 2 4 6 9 11 12 14 16 17 18 19 | 19.2
Shields        | 1 2 3 4 5 |  5.2
Armour         | 3 4 6 7 8 |  8.1

Action                   |  1- 3 |  4- 6 |  7- 9 | 10-12 | 13-15 | 16-18 | 19-21 || total
-------------------------+-------+-------+-------+-------+-------+-------+-------++-------
Melee: Short sword       |       |     9 |       |       |       |       |       ||     9
       Kick              |       |     8 |     2 |     7 |    31 |    33 |     7 ||    88
       Peck              |       |     4 |       |     3 |    28 |    22 |     1 ||    58
       Spear             |       |    21 |    16 |     9 |       |       |       ||    46
       Punch             |       |       |     1 |       |       |       |       ||     1
       Pair of quick bla |       |       |       |    16 |    68 |    90 |    14 ||   188
       Staff             |       |       |       |       |       |       |     1 ||     1
 Cast: Magic Dart        |    43 |    87 |    70 |    88 |     6 |       |       ||   294
       Searing Ray       |       |     6 |    21 |    47 |    15 |       |     2 ||    91
       Fulminant Prism   |       |     5 |    28 |    95 |   150 |    96 |    46 ||   420
       Foxfire           |       |       |    20 |    48 |    14 |     5 |     3 ||    90
       Mephitic Cloud    |       |       |     4 |       |       |       |       ||     4
       Iskenderun's Myst |       |       |    17 |    69 |    82 |   128 |    57 ||   353
       Shock             |       |       |       |     6 |       |       |       ||     6
       Airstrike         |       |       |       |    20 |   409 |   436 |   314 ||  1179
       Starburst         |       |       |       |       |    25 |     6 |     1 ||    32
       Lightning Bolt    |       |       |       |       |    43 |   170 |    53 ||   266
       Conjure Ball Ligh |       |       |       |       |       |    10 |     1 ||    11
Evoke: Wand              |       |       |       |     5 |     4 |     1 |       ||    10
  Use: Scroll            |       |    11 |    13 |     9 |    12 |    19 |    11 ||    75
       Potion            |       |     2 |    11 |     6 |     3 |    19 |     3 ||    44
 Stab: Sleeping          |       |     1 |       |     1 |     8 |     8 |     2 ||    20
       Invisible         |       |       |       |       |       |     1 |       ||     1
       Distracted        |       |       |       |       |       |     1 |     1 ||     2
Armor: Robe              |       |    14 |    11 |     2 |     3 |       |       ||    30
       Steam dragon scal |       |       |       |    29 |       |       |       ||    29
       Troll leather arm |       |       |       |       |    15 |       |       ||    15
       Ring mail         |       |       |       |       |     3 |   108 |    33 ||   144
Dodge: Dodged            |       |    43 |   103 |   106 |    87 |   176 |    55 ||   570
Block: Buckler           |       |       |       |       |       |       |     9 ||     9
